Map: Kairos Junction LE

Players

Gemini

  • Race: Protoss Protoss
  • League: Grandmaster
  • Spawn Location: 11:00

A.I. 1 (Very Easy) - Winner!

  • Race: Zerg Zerg
  • Spawn Location: 5:00

VOD

Have the link to the VOD?

Description

Time

  • Played on: May 20, 2019, 2:19 p.m.
  • Length: 6:11
Show
View Real Time Build Order
Export as new Build Order

Gemini Protoss 

Build Orders: 1 Gate Expand 

Get SALT Encoding   

  12  0:01  Probe  
  13  0:13  Probe  
  14  0:18  Pylon  
  14  0:24  Probe  
  15  0:33  Probe  
  15  0:39  Gateway  
  15  0:41  Probe  
  16  0:47  Assimilator  
  17  0:51  Probe  
  18  1:03  Probe  
  19  1:20  Nexus  
  19  1:23  Probe  
  20  1:36  Cybernetics Core  
  20  1:38  Probe  
  21  1:43  Assimilator  
  21  1:50  Probe  
  21  1:53  Pylon  
  22  2:02  Probe  
  22  2:04  Sentry  
  23  2:11  Probe  
  23  2:13  Warp Gate  
  26  2:19  Probe  
  26  2:21  Stalker  
  26  2:29  Probe  
  27  2:33  Probe  
  31  2:41  Probe  
  32  2:44  Robotics Facility  
  32  2:48  Probe  
  33  2:53  Probe  
  34  2:59  Sentry  
  34  3:00  Probe  
  37  3:05  Probe  
  37  3:06  Gateway  
  37  3:12  Probe  
  39  3:14  Pylon  
  39  3:18  Probe  
  40  3:21  Warp Prism  
  40  3:24  Probe  
  41  3:27  Sentry  
  41  3:30  Probe  
  46  3:36  Probe  
  46  3:41  Pylon  
  47  3:42  Probe  
  47  3:45  Immortal  
  48  3:54  Pylon  
  48  4:02  Adept  
  54  4:03  Stalker  
  54  4:07  Gateway x2  
  56  4:16  Immortal  
  56  4:21  Pylon  
  56  4:27  Zealot x2  
  64  4:36  Gateway  
  64  4:37  Gateway  
  64  4:41  Pylon  
  64  4:45  Immortal  
  64  4:53  Gateway  
  68  5:02  Sentry  
  68  5:03  Pylon  
  68  5:05  Sentry  
  68  5:06  Zealot  
  71  5:18  Pylon  
  71  5:19  Zealot  
  72  5:22  Observer  
  73  5:29  Zealot x3  
  73  5:31  Stalker  
  81  5:37  Pylon  
  81  5:40  Pylon  
  81  5:43  Zealot x2  
  87  5:57  Stalker x2, Zealot  
  87  5:58  Zealot  
  87  6:02  Zealot  
  97  6:07  Zealot x2  
Show
View Real Time Build Order
Export as new Build Order

A.I. 1 (Very Easy) Zerg - Winner!

Build Orders: Pool Only 

Get SALT Encoding   

  12  0:01  Drone  
  13  0:12  Overlord  
  13  0:17  Drone  
  14  0:34  Spawning Pool  
  13  0:37  Drone  
  13  0:40  Extractor  
  13  0:45  Drone  
  14  0:52  Overlord  
  14  1:21  Zergling x2  
  14  1:22  Queen  
  17  1:31  Roach Warren  
  16  1:33  Extractor  
  16  1:36  Drone  
  16  1:43  Drone  
  17  1:50  Zergling x2  
  18  2:01  Drone  
  19  2:08  Drone  
  20  2:19  Drone  
  20  2:20  Zergling x2  
  22  2:29  Overlord  
  22  2:32  Drone  
  23  2:39  Drone  
  24  2:46  Drone  
  24  2:49  Roach  
  27  5:02  Zergling x2  
  25  5:31  Zergling x2  
Tags
 
Add a new tag
Caveats
  • Supply blocks, unpowered buildings, or Contaminate may cause inaccurate times.
  • Supply counts are checked every 10 seconds.